 Dungeon Crawl Stone Soup version 0.31-a0-161-gb58dd9be76 (webtiles) character file.

Game seed: 14279492260012161003

48 qw the Shooter (level 3, 0/22 HPs)
             Began as a Gargoyle Hunter on June 12, 2023.
             Slain by a jackal (2 damage)
             ... on level 2 of the Dungeon.
             The game lasted 00:00:19 (790 turns).

qw the Shooter (Gargoyle Hunter)                     Turns: 790, Time: 00:00:19

Health: 0/22       AC: 10    Str: 14    XL:     3   Next: 72%
Magic:  3/3        EV: 10    Int:  9    God:
Gold:   33         SH:  0    Dex: 15    Spells: 2/2 levels left

rFire   . . .        Y - +0 shortbow
rCold   . . .        (shield currently unavailable)
rNeg    + . .        d - +0 ring mail
rPois   inf          f - +0 helmet
rElec   +            (no cloak)
rCorr   .            h - +0 pair of gloves
SInv    .            (no boots)
Will    .....        (no amulet)
Stlth   +            (no ring)
HPRegen 0.23/turn    (no ring)
MPRegen 0.08/turn

%: no passive effects
@: no status effects
A: sickness immunity, AC +3, negative energy resistance 1, electricity
resistance, torment resistance 1, petrification resistance
a: no special abilities


You were on level 2 of the Dungeon.
You visited 1 branch of the dungeon, and saw 2 of its levels.

You collected 33 gold pieces.


Innate Abilities, Weirdness & Mutations

You are immune to sickness and miasma.
Your stone body is resilient. (AC +3)
You are immune to poison.
You resist negative energy. (rN+)
You are resistant to electric shocks. (rElec)
You are resistant to unholy torment.
You are immune to petrification.


   Skills:
 + Level 2.5 Fighting
 - Level 5.0 Ranged Weapons
 - Level 1.1 Armour
 - Level 1.5 Dodging
 - Level 1.1 Stealth


You had 2 spell levels left.
You didn't know any spells.
Your spell library was empty.

Inventory:

Hand Weapons
 Y - a +0 shortbow (weapon)
Armour
 d - a +0 ring mail (worn)
 f - a +0 helmet (worn)
 h - a +0 pair of gloves (worn)
Potions
 e - a potion of mutation {unknown}
 g - a potion of lignification {unknown}

Dungeon Overview and Level Annotations

Branches:
Dungeon (2/15)

Altars:


Message History

You shoot an arrow. The arrow closely misses the jackal.
The jackal barely misses you.
The jackal bites you but does no damage.
The jackal barely misses you. The frilled lizard barely misses you.
The kobold hits you with a +0 dagger. The rat bites you but does no damage.
The jackal misses you. x2; The jackal bites you.
The kobold hits you but does no damage.
The frilled lizard bites you but does no damage.
The rat barely misses you.
You shoot an arrow.
The arrow hits the jackal but does no damage.
The jackal bites you. x2; The jackal closely misses you.
The frilled lizard bites you but does no damage.
The kobold hits you but does no damage. The rat closely misses you.
The jackal misses you. The jackal barely misses you. The jackal bites you.
You shoot an arrow. The arrow hits the jackal.
The jackal is severely wounded.
The jackal bites you but does no damage.
The jackal barely misses you.
The jackal bites you but does no damage.
The frilled lizard barely misses you. The kobold hits you but does no damage.
The rat bites you but does no damage. The jackal closely misses you.
The jackal bites you but does no damage.
You shoot an arrow.
The arrow hits the jackal but does no damage.
The jackal is severely wounded.
The jackal barely misses you.
The frilled lizard bites you but does no damage.
The kobold hits you but does no damage.
The jackal bites you but does no damage.
The rat bites you but does no damage. The jackal misses you.
The jackal barely misses you.
The jackal bites you but does no damage.
The kobold hits you with a +0 dagger.
The frilled lizard bites you but does no damage.
The rat barely misses you.
You shoot an arrow. The arrow hits the jackal.
The jackal is severely wounded.
The jackal barely misses you. The jackal bites you.
You die...

#... .......(
#......$..#>
. #.>........
.. .........#
...
##...#...#..#
#....#......#
#..rwh....##
#.#l@hg(...#
#.<.hK...#.#
#.#......#
#.#%.....#
#.....<..#
#.##.......
.. #.###++##
.. #.# #. .#


You could see a dart slug, 3 jackals, a hobgoblin, a kobold, a frilled lizard
and a rat.

Vanquished Creatures
  2 adders (D:2)
  8 endoplasms (D:1)
  A giant cockroach (D:2)
  3 goblins (D:1)
  4 hobgoblins
  3 kobolds (D:1)
  2 bats (D:1)
  A frilled lizard (D:1)
  2 rats (D:1)
26 creatures vanquished.

Notes
Turn   | Place    | Note
-------+----------+-------------------------------------------
     0 | D:1      | qw the Gargoyle Hunter began the quest for the Orb.
     0 | D:1      | Reached XP level 1. HP: 12/12 MP: 1/1
     0 | D:1      | 0 ||| qw: Version: 0.2-a-29-gc1b59c4
     0 | D:1      | 0 ||| qw: Game counter: 4263
     0 | D:1      | 0 ||| qw: Always use a shield: true
     0 | D:1      | 0 ||| qw: God list: Okawaru
     0 | D:1      | 0 ||| qw: Allow faded altars: false
     0 | D:1      | 0 ||| qw: Do Orc after D:15 true
     0 | D:1      | 0 ||| qw: Do second Lair branch before Depths: true
     0 | D:1      | 0 ||| qw: Lair rune preference: random
     0 | D:1      | 0 ||| qw: Plans: Normal, Zot:1-4, Slime:5, God:TSO, Crypt,
                  | Tomb, Abyss, Pan, Hells, Win
     0 | D:1      | 0 ||| PLANNING D:1-11
   126 | D:1      | Reached XP level 2. HP: 17/17 MP: 2/2
   147 | D:1      | Found a faded altar of an unknown god.
   540 | D:1      | Reached XP level 3. HP: 21/21 MP: 3/3
   651 | D:1      | Reached skill level 5 in Ranged Weapons
   705 | D:1      | 705 ||| UPGRADING to +0 ring mail.
   715 | D:1      | 715 ||| DROPPING +0 leather armour.
   716 | D:1      | 716 ||| UPGRADING to +0 helmet.
   721 | D:1      | 721 ||| UPGRADING to +0 pair of gloves.
   726 | D:1      | 726 ||| READING scroll labelled OHET VAGENLA.
   727 | D:1      | 727 ||| DROPPING scroll of butterflies.
   777 | D:2      | Reached skill level 1 in Armour
   787 | D:2      | HP: 4/22 [jackal (2)]
   790 | D:2      | Slain by a jackal

Levels and vault maps discovered:
D:1:      sevenhm_arrival_forest_fort_large_2, layout_loops_ring,
          chequers_ecumenical_altar_lobes, minivault_19, minmay_tetromino_s2
D:2:      layout_rooms, hangedman_decor_clover_reticule,
          kennysheep_generic_room_15

Skill      XL: |  1  2  3 |
---------------+----------+-----
Ranged Weapons | 5 |  5.0
Armour         | 1 |  1.1
Fighting       | |  2.5
Dodging        | |  1.5
Stealth        | |  1.1

Action                     || total
---------------------------++-------
   Fire: Shortbow          ||    86
    Use: Scroll            ||     1
 Armour: Leather armour    ||     5
         Ring mail         ||    69
  Dodge: Dodged            ||    89

Table legend:
 A = Non-vault XP
 B = Vault XP
 C = Vault XP percentage of total XP
 D = Non-vault monster count
 E = Vault monster count
 F = Vault count percentage of total count
                 A         B        C        D         E       F
            +---------+---------+-------+---------+---------+-------
      Total |      67 |       2 |   2.9 |      25 |       1 |   3.8
            +---------+---------+-------+---------+---------+-------
        D:1 |      37 |       2 |   5.1 |      21 |       1 |   4.5
        D:2 |      30 |       0 |   0.0 |       4 |       0 |   0.0
            +---------+---------+-------+---------+---------+-------
